Map: Arctic Dream LE

Players

CueCue

  • Race: Protoss Protoss
  • Spawn Location: 12:00

FortyTwo

  • Race: Protoss Protoss
  • League: Diamond
  • Spawn Location: 11:00

Lancelot - Winner!

  • Race: Terran Terran
  • League: Diamond
  • Spawn Location: 5:00

Xyz - Winner!

  • Race: Terran Terran
  • Spawn Location: 6:00

VOD

Have the link to the VOD?

Description

Time

  • Played on: Feb. 2, 2023, 1:14 a.m.
  • Length: 9:22
Show
View Real Time Build Order
Export as new Build Order

CueCue Protoss 

Build Orders: 1 Gate Expand, Blink Stalkers 

Get SALT Encoding   

  12  0:00  Probe  
  13  0:12  Probe  
  14  0:19  Pylon  
  14  0:24  Probe (Chrono Boost)  
  15  0:37  Probe (Chrono Boost)  
  15  0:38  Gateway  
  16  0:43  Probe  
  17  0:50  Assimilator  
  17  0:55  Probe  
  19  1:12  Probe  
  19  1:18  Nexus  
  19  1:29  Cybernetics Core  
  19  1:32  Probe (Chrono Boost)  
  20  1:38  Assimilator  
  20  1:44  Probe (Chrono Boost)  
  21  1:49  Probe (Chrono Boost)  
  21  1:51  Pylon  
  22  1:58  Probe  
  23  2:06  Stalker (Chrono Boost), Warp Gate  
  23  2:12  Probe  
  26  2:24  Probe  
  26  2:28  Twilight Council  
  27  2:33  Stalker  
  31  2:37  Probe (Chrono Boost)  
  31  2:42  Probe (Chrono Boost)  
  31  2:46  Probe (Chrono Boost)  
  32  2:55  Probe x2  
  34  3:09  Probe  
  34  3:11  Robotics Facility, Stalker (Chrono Boost)  
  35  3:18  Probe  
  38  3:22  Probe  
  39  3:28  Blink (Chrono Boost)  
  39  3:30  Probe  
  40  3:34  Probe  
  40  3:42  Stalker (Chrono Boost)  
  42  3:57  Probe  
  43  4:06  Observer  
  43  4:07  Gateway  
  42  4:18  Stalker  
  44  4:24  Shield Battery  
  43  4:35  Gateway  
  43  4:37  Gateway  
  43  4:55  Pylon, Warp Prism (Chrono Boost)  
  43  4:56  Pylon  
  45  5:01  Probe  
  45  5:05  Assimilator  
  45  5:07  Pylon  
  44  5:15  Stalker x2  
  48  5:36  Probe (Chrono Boost)  
  48  5:38  Stalker x4  
  57  5:43  Probe (Chrono Boost)  
  57  5:44  Forge  
  58  5:53  Probe (Chrono Boost)  
  58  6:02  Probe x2  
  60  6:11  Robotics Bay  
  62  6:19  Probe x2 (Chrono Boost)  
  62  6:25  Stalker x3  
  68  6:29  Probe x2 (Chrono Boost)  
  68  6:31  Protoss Ground Weapons Level 1 (Chrono Boost)  
  70  6:38  Photon Cannon  
  70  6:49  Probe x2  
  64  6:55  Stalker x2  
  64  6:56  Stalker  
  69  7:01  Probe  
  69  7:02  Pylon  
  69  7:05  Colossus  
  61  7:20  Extended Thermal Lance (Chrono Boost)  
  63  7:25  Probe x2 (Chrono Boost)  
  63  7:26  Assimilator  
  63  7:30  Stalker x2  
  63  7:31  Sentry  
  70  7:37  Probe (Chrono Boost)  
  70  7:39  Pylon  
  70  7:41  Pylon  
  70  7:45  Probe  
  71  8:00  Observer (Chrono Boost)  
  72  8:13  Stalker x3  
  72  8:14  Stalker  
  80  8:32  Colossus (Chrono Boost)  
  68  8:38  Stalker x3  
  80  8:43  Shield Battery  
  80  8:55  Cybernetics Core  
  79  9:01  Pylon  
  79  9:03  Gateway  
  79  9:04  Gateway  
  79  9:06  Gateway  
  79  9:12  Zealot x3  
Show
View Real Time Build Order
Export as new Build Order

FortyTwo Protoss 

Build Orders:  

Get SALT Encoding   

  12  0:00  Probe  
  13  0:13  Pylon  
  13  0:18  Probe (Chrono Boost)  
  14  0:27  Probe (Chrono Boost)  
  15  0:33  Probe  
  16  0:39  Gateway  
  16  0:45  Probe  
  17  0:50  Assimilator  
  17  0:57  Probe  
  18  1:09  Probe  
  19  1:20  Gateway  
  19  1:21  Probe  
  20  1:26  Cybernetics Core  
  20  1:34  Pylon, Probe (Chrono Boost)  
  21  1:40  Assimilator  
  21  1:46  Probe (Chrono Boost)  
  22  1:51  Probe (Chrono Boost)  
  23  2:01  Probe  
  24  2:02  Stalker  
  26  2:10  Warp Gate  
  25  2:23  Stalker  
  27  2:32  Nexus  
  27  2:42  Robotics Facility  
  27  2:51  Gateway  
  27  3:03  Probe  
  28  3:12  Pylon  
  28  3:15  Probe  
  29  3:27  Probe (Chrono Boost)  
  29  3:29  Observer (Chrono Boost)  
  31  3:35  Robotics Bay  
  31  3:38  Pylon  
  31  3:39  Probe (Chrono Boost)  
  32  3:45  Probe (Chrono Boost)  
  29  3:53  Probe  
  21  4:00  Stalker  
  18  4:06  Probe  
  18  4:14  Probe (Chrono Boost)  
  15  4:18  Probe (Chrono Boost)  
  16  4:26  Probe (Chrono Boost)  
  1  5:41  Probe  
  1  5:43  Probe  
  1  5:49  Probe  
  3  5:51  Probe  
  5  6:12  Probe x2  
  5  6:13  Stalker  
  8  6:20  Probe  
  8  7:21  Probe  
  8  7:23  Probe  
  8  7:29  Probe  
  10  7:31  Probe  
  12  7:54  Assimilator, Probe  
  13  8:04  Probe  
  13  8:06  Probe  
  15  8:12  Probe  
  15  8:18  Probe  
  17  8:44  Probe  
  18  8:52  Probe  
Show
View Real Time Build Order
Export as new Build Order

Lancelot Terran - Winner!

Build Orders: Mech 

Get SALT Encoding   

  12  0:00  SCV  
  13  0:12  SCV  
  14  0:19  Supply Depot  
  14  0:25  SCV  
  15  0:28  Refinery  
  15  0:40  SCV  
  16  0:47  Barracks  
  16  0:52  SCV  
  17  1:00  Refinery  
  17  1:04  SCV  
  18  1:17  SCV  
  19  1:29  SCV  
  20  1:35  Supply Depot  
  20  1:38  Factory  
  20  1:41  SCV  
  20  1:45  Reaper  
  22  1:53  SCV  
  23  2:05  Orbital Command  
  23  2:14  Supply Depot  
  23  2:17  Reaper  
  24  2:30  Armory  
  24  2:33  SCV  
  25  2:45  SCV  
  25  2:49  Reaper  
  27  2:57  SCV  
  28  3:09  SCV, Widow Mine  
  31  3:21  SCV  
  34  3:36  SCV  
  33  3:48  SCV  
  32  4:04  SCV  
  33  4:12  Barracks Reactor  
  33  4:13  Factory  
  33  4:15  Factory  
  33  4:16  Command Center  
  33  4:18  Factory  
  33  4:24  Widow Mine  
  33  4:26  SCV  
  33  4:30  Engineering Bay  
  36  4:31  Terran Vehicle Weapons Level 1  
  36  4:45  SCV  
  35  4:46  Widow Mine  
  37  4:53  Marine x2  
  37  4:59  Factory Tech Lab  
  39  5:00  Factory Tech Lab  
  39  5:04  SCV, Refinery  
  40  5:07  Widow Mine, Refinery  
  40  5:10  Marine  
  41  5:19  Siege Tank, Factory Tech Lab  
  44  5:22  SCV  
  45  5:29  Widow Mine  
  45  5:34  Marine x2  
  49  5:36  Orbital Command  
  49  5:41  SCV  
  48  5:51  Marine  
  48  5:53  Siege Tank  
  50  6:04  SCV  
  50  6:05  Siege Tank  
  54  6:13  Siege Tank  
  57  6:25  Siege Tank  
  59  6:28  Widow Mine  
  61  6:53  Widow Mine  
  60  7:01  Siege Tank  
  60  7:07  Siege Tank  
  60  7:08  Siege Tank, Marine  
  60  7:09  Marine  
  60  7:24  SCV  
  60  7:26  SCV  
  62  7:33  Supply Depot  
  62  7:35  Supply Depot  
  62  7:46  Marine x2  
  62  7:55  Siege Tank, Widow Mine, SCV  
  62  7:56  Siege Tank x2  
  74  8:04  Marine x2  
  74  8:05  SCV  
  77  8:07  SCV  
  78  8:16  Widow Mine  
  78  8:17  SCV  
  81  8:20  Supply Depot, Missile Turret  
  81  8:21  SCV  
  81  8:22  Marine x2  
  81  8:23  Missile Turret  
  86  8:27  Siege Tank  
  86  8:28  Siege Tank  
  86  8:30  Siege Tank  
  85  8:41  Marine  
  85  8:42  Marine, Widow Mine  
  89  8:48  SCV  
  90  8:59  Marine  
  94  9:07  Supply Depot  
  94  9:15  Factory  
Show
View Real Time Build Order
Export as new Build Order

Xyz Terran - Winner!

Build Orders:  

Get SALT Encoding   

  12  0:03  SCV  
  13  0:15  SCV  
  13  0:19  Supply Depot  
  14  0:27  SCV  
  15  0:40  SCV  
  15  0:41  Barracks  
  16  0:45  Refinery  
  16  0:53  SCV  
  17  1:01  Barracks  
  17  1:14  Barracks  
  17  1:22  Refinery  
  17  1:35  Reaper  
  18  1:41  Orbital Command  
  18  1:50  Reaper  
  19  2:01  Reaper  
  19  2:07  Supply Depot  
  19  2:08  SCV  
  21  2:19  Reaper  
  21  2:21  SCV  
  23  2:29  Reaper  
  24  2:33  Reaper  
  24  2:36  Supply Depot  
  25  2:46  SCV  
  26  2:51  Reaper  
  27  2:59  SCV  
  27  3:02  Reaper  
  29  3:05  Reaper  
  31  3:12  SCV  
  31  3:24  Command Center  
  31  3:25  SCV  
  33  3:37  SCV  
  35  3:41  Factory  
  36  3:52  Barracks Reactor  
  33  4:00  Barracks Tech Lab  
  33  4:01  Barracks Reactor  
  29  4:18  SCV  
  29  4:21  Engineering Bay  
  30  4:30  Marine, Factory Reactor, SCV, Starport  
  30  4:31  Marine  
  33  4:37  Stimpack  
  33  4:38  Marauder  
  35  4:42  SCV  
  37  4:51  Missile Turret  
  36  4:53  Orbital Command  
  36  4:54  SCV  
  36  4:57  Missile Turret  
  37  5:06  SCV  
  38  5:07  Marauder  
  39  5:22  SCV  
  39  5:23  Marine x3  
  42  5:29  Marauder  
  42  5:34  Marine, SCV  
  44  5:37  SCV  
  44  5:40  Marine x2  
  44  5:41  Supply Depot  
  46  5:46  SCV  
  47  5:50  Marauder  
  47  5:53  SCV  
  47  5:54  Refinery  
  47  5:55  Medivac x2, Refinery  
  54  6:03  SCV  
  55  6:04  Terran Infantry Weapons Level 1  
  55  6:08  SCV  
  55  6:09  Supply Depot  
  56  6:15  SCV  
  56  6:16  Combat Shield  
  57  6:20  SCV  
  58  6:27  Barracks  
  58  6:30  Factory Tech Lab  
  58  6:32  Barracks  
  58  6:34  Marine x3  
  58  6:35  Marauder  
  58  6:38  Medivac x2  
  60  6:56  Marine x2, Marauder  
  64  7:04  SCV x2  
  66  7:18  SCV x2, Marauder  
  70  7:24  Supply Depot x2  
  70  7:25  Barracks Tech Lab  
  70  7:31  Supply Depot  
  70  7:35  Concussive Shells  
  70  7:44  Supply Depot  
  70  7:45  Supply Depot  
  70  7:50  Marauder  
  78  8:01  SCV x2  
  80  8:13  SCV x2  
  80  8:16  Medivac x2, Command Center  
  80  8:18  Marine, Marauder x2  
  83  8:41  Marine x3, Marauder  
  83  8:42  Marauder  
  83  8:43  Armory  
  83  8:45  Engineering Bay  
  90  9:00  Marine x2  
  90  9:01  Marine, Marauder  
  95  9:03  SCV x2  
Tags
 
Add a new tag
Caveats
  • Supply blocks, unpowered buildings, or Contaminate may cause inaccurate times.
  • Supply counts are checked every 10 seconds.